 Dungeon Crawl Stone Soup version 0.31.0-12-g77e489cdc1 (webtiles) character file.

Game seed: 9909798048848591690

504 Peloso the Covered (level 6, -4/55 HPs)
             Began as a Minotaur Fighter on Mar 7, 2024.
             Killed by nerve-wracking pain
             ... invoked by an orc priest
              (7 damage)
             ... on level 4 of the Dungeon.
             The game lasted 00:06:38 (3358 turns).

Peloso the Covered (Minotaur Fighter)               Turns: 3358, Time: 00:06:41

Health: -4/55      AC: 12    Str: 27    XL:     6   Next: 96%
Magic:  5/5        EV:  9    Int:  5    God:
Gold:   191        SH:  5    Dex: 13    Spells: 5/5 levels left

rFire   x . .        a - +0 long sword
rCold   . . .        d - +0 buckler
rNeg    . . .        m - +0 chain mail
rPois   .            (helmet restricted)
rElec   .            (no cloak)
rCorr   .            (no gloves)
SInv    .            i - +1 pair of boots
Will    +....        (no amulet) Stlth
                     l - +6 ring of strength
HPRegen 0.29/turn    (no ring)
MPRegen 0.09/turn

%: no passive effects
@: attractive, enlightened, flying
A: horns 2, retaliatory headbutt, thin skeletal structure 1, heat vulnerability
1
a: no special abilities


You were on level 4 of the Dungeon.
You visited 1 branch of the dungeon, and saw 4 of its levels.

You collected 191 gold pieces.

Inventory:

Hand Weapons
 a - a +0 long sword (weapon)
Armour
 b - a +0 scale mail
 d - a +0 buckler (worn)
 i - a +1 pair of boots (worn)
 m - a +0 chain mail (worn)
Jewellery
 l - a +6 ring of strength (left hand)
Talismans
 n - a maw talisman
Wands
 p - a wand of iceblast (5)
Scrolls
 e - 3 scrolls of teleportation
 g - a scroll of fear {unknown}
 o - a scroll of noise {unknown}
 q - a scroll of poison
 r - a scroll of identify
Potions
 f - 3 potions of might
 h - 2 potions of haste
 k - a potion of mutation


   Skills:
 + Level 4.8 Fighting
 + Level 5.8 Long Blades
 + Level 6.0 Armour
 + Level 1.5 Dodging
 + Level 4.8 Shields


You had 5 spell levels left.
You didn't know any spells.
Your spell library contained the following spells:

 Spells                   Type           Power      Damage    Failure   Level
 Apportation              Tloc           0%         N/A       95%         1
 Necrotise                Necr           0%         1d4       95%         1
 Sting                    Conj/Alch      0%         1d3       95%         1
 Summon Small Mammal      Summ           0%         N/A       95%         1
 Tukima's Dance           Hex            0%         N/A       100%        3
 Passage of Golubria      Tloc           0%         N/A       100%        4
 Summon Forest            Summ/Tloc      0%         N/A       100%        5
 Yara's Violent Unravell  Hex/Alch       0%         3d3       100%        5
 Eringya's Noxious Bog    Alch           0%         4d6       100%        6
 Summon Hydra             Summ           0%         N/A       100%        7


Dungeon Overview and Level Annotations

Branches:
Dungeon (4/15)
 Temple: D:4-7

Altars:
Dithmenos

Shops:
D:3 ?


Innate Abilities, Weirdness & Mutations

You have a pair of horns on your head.
You reflexively headbutt those who attack you in melee.
You have a somewhat thin skeletal structure. (Dex +2, Stealth+)
You are vulnerable to heat. (rF-)


Message History

The orc priest invokes the aid of Beogh against you.
Beogh smites you!
You hit the orc priest but do no damage.
Your headbutt misses the orc priest. The orc hits you with a +0 hand axe.
The orc priest looks encouraged for a moment.
The orc priest mumbles some strange prayers to Beogh against you.
Beogh smites you! The orc hits you but does no damage.
The orc priest looks braver for a moment. x2
Unknown command.
You barely miss the orc priest. You headbutt the orc priest!
The orc priest is almost dead.
The orc hits you with a +0 hand axe.
The orc priest calls down the wrath of Beogh upon you.
Pain shoots through your body!
Unknown command.
You barely miss the orc priest.
You headbutt the orc priest, but do no damage.
The orc priest is almost dead.
The orc barely misses you.
The orc priest hits you but does no damage.
The orc priest calls down the wrath of Beogh upon you.
Beogh smites you!
* * * LOW HITPOINT WARNING * * *
It was a potion of mutation.
You feel extremely strange.
You feel clever.
You feel vulnerable to heat.
You feel stupid.
Your bones become slightly less dense.
You block the orc's attack.
The orc priest hits you but does no damage.
It was a potion of attraction.
You feel attractive to monsters. The orc hits you but does no damage.
The orc priest hits you with a +0 trident.
* * * LOW HITPOINT WARNING * * *
It was a potion of enlightenment.
You feel very buoyant.
You fly up into the air.
The orc barely misses you. You furiously retaliate!
You headbutt the orc.
The orc priest calls down the wrath of Beogh upon you.
Pain shoots through your body!
You die...

...<. #.#
####. #)# #.#
#.# #.# # #.#
#.# . #.# #o#
# ### #.# #o#
# #.# #.# #o#
# #.#.# #.#
#o# ##.#
#.####.####@#
#.#
#.....##..o#
.##
##.#####.###
#.## ##.##
#.# ##.###..#
#.# ....#.#.#
#.# ##.#.##.#
#.# #.####.#
#.# #.# #[#
####.#


You could see 2 orc priests and 3 orcs.

Vanquished Creatures
  A centaur (D:4)
  2 phantoms
  A jelly (D:4)
  2 iguanas (D:4)
  2 scorpion zombies (D:3)
  A hound zombie (D:3)
  Robin (D:3)
  4 adders
  A howler monkey skeleton (D:3)
  An adder skeleton (D:3)
  2 dart slugs
  A ribbon worm (D:4)
  2 orcs (D:4)
  7 ball pythons
  6 bats
  4 endoplasms
  A giant cockroach (D:3)
  17 goblins
  9 hobgoblins
  4 quokkas
  2 ball python skeletons (D:3)
  A frilled lizard (D:2)
  A jackal skeleton (D:3)
  A kobold (D:2)
  A quokka zombie (D:3)
  5 rats
80 creatures vanquished.

Notes
Turn   | Place    | Note
-------+----------+-------------------------------------------
     0 | D:1      | Peloso the Minotaur Fighter began the quest for the Orb.
     0 | D:1      | Reached XP level 1. HP: 19/19 MP: 0/0
   445 | D:1      | Reached XP level 2. HP: 25/27 MP: 1/1
   923 | D:2      | Found a faded altar of an unknown god.
   964 | D:2      | Reached skill level 4 in Armour
  1018 | D:2      | Noticed a phantom
  1040 | D:2      | Killed a phantom
  1041 | D:2      | Reached XP level 3. HP: 6/33 MP: 2/2
  1041 | D:2      | Reached XP level 4. HP: 7/40 MP: 3/3
  1215 | D:2      | Found a shadowy altar of Dithmenos.
  1543 | D:3      | Found Cec Julo's Magic Scroll Shoppe.
  1845 | D:3      | Reached skill level 5 in Armour
  1862 | D:3      | Reached skill level 1 in Dodging
  1862 | D:3      | Reached XP level 5. HP: 29/47 MP: 4/4
  2062 | D:3      | Noticed Robin
  2181 | D:3      | Killed Robin
  2821 | D:4      | Reached XP level 6. HP: 50/53 MP: 5/5
  2908 | D:4      | Reached skill level 5 in Long Blades
  3232 | D:4      | Reached skill level 6 in Armour
  3356 | D:4      | Gained mutation: Your mind is acute. (Int +4, Str/Dex -1)
                  | [potion of mutation]
  3356 | D:4      | Gained mutation: You are vulnerable to heat. (rF-) [potion
                  | of mutation]
  3356 | D:4      | Lost mutation: Your mind is acute. (Int +4, Str/Dex -1)
                  | [potion of mutation]
  3356 | D:4      | Gained mutation: You have a somewhat thin skeletal
                  | structure. (Dex +2, Stealth+) [potion of mutation]
  3358 | D:4      | Killed from afar by an orc priest

Illustrated notes

Levels and vault maps discovered:
D:1:      dpeg_arrival_simpleton_a, layout_basic
D:2:      layout_rooms, dreamdust_ecumenical_altar_sealed_demon, basic_altar,
          kennysheep_generic_room_5
D:3:      layout_rooms, serial_shops, nicolae_shop_rolling_square,
          serial_undead, serial_undead_f, serial_undead_d, serial_undead_f,
          serial_undead_e, uniq_robin
D:4:      layout_loops_ring, temple_green, kennysheep_generic_room_7

Skill      XL: |  1  2  3  4  5  6 |
---------------+-------------------+-----
Shields        | 4 |  4.8
Armour         | 4 5 6 |  6.0
Fighting       | 4 |  4.8
Long Blades    | 3 4 5 |  5.8
Dodging        | 1 |  1.5

Action                     |  1- 3 |  4- 6 || total
---------------------------+-------+-------++-------
  Melee: Long sword        |    47 |   196 ||   243
         Headbutt          |     7 |    34 ||    41
    Use: Potion            |     1 |     4 ||     5
         Scroll            |       |     4 ||     4
 Armour: Scale mail        |    47 |    32 ||    79
         Chain mail        |       |   153 ||   153
  Dodge: Dodged            |    22 |   104 ||   126
  Block: Buckler           |     7 |    69 ||    76
         Form:             |       |     1 ||     1
         Maw               |       |     1 ||     1
